 Dungeon Crawl Stone Soup version 0.24.0-13-gcf9b3192b9 (webtiles) character file.

Game seed: 14948077537309980961, levelgen mode: deterministic

3879 EnegeticOcto the Cleaver (level 10, 0/91 HPs)
             Began as a Deep Dwarf Fighter on Nov 10, 2019.
             Was an Initiate of Makhleb.
             Slain by a blink frog (1 damage)
             ... summoned by a shadow demon
             ... on level 1 of the Abyss.
             The game lasted 00:05:39 (5631 turns).

EnegeticOcto the Cleaver (Deep Dwarf Fighter)       Turns: 5631, Time: 00:05:39

Health: 0/91       AC: 15    Str: 23    XL:     10   Next: 0%
Magic:  6/6        EV: 14    Int:  9    God:    Makhleb [......]
Gold:   992        SH: 11    Dex: 12    Spells: 9/9 levels left

rFire    . . .     SeeInvis .   a - +0 war axe
rCold    . . .     Gourm    .   c - +0 shield
rNeg     . . .     Faith    .   i - +1 plate armour
rPois    +         Spirit   .   (no helmet)
rElec    .         Reflect  .   v - +0 cloak
rCorr    .         Harm     .   (no gloves)
MR       +....                  (no boots)
Stlth    ..........             (no amulet)
HPRegen  0.00/turn              q - +6 ring of evasion
MPRegen  0.10/turn              f - ring of poison resistance

@: non-regenerating
A: damage resistance, heal wounds, sense surroundings 2, no regeneration
a: Heal Wounds, Renounce Religion


You were on level 1 of the Abyss.
You worshipped Makhleb.
Makhleb was noncommittal.
You were not hungry.

You visited 2 branches of the dungeon, and saw 9 of its levels.
You visited the Abyss 1 time.
You also visited: Ossuary.

You collected 992 gold pieces.

Inventory:

Hand Weapons
 a - a +0 war axe (weapon)
Missiles
 w - a throwing net (quivered)
Armour
 c - a +0 shield (worn)
 i - a +1 plate armour (worn)
 v - a +0 cloak (worn)
Jewellery
 f - a ring of poison resistance (right hand)
 q - a +6 ring of evasion (left hand)
Wands
 g - a wand of acid (9)
Scrolls
 b - 3 scrolls of magic mapping {@r5}
 d - a scroll of enchant armour
 h - 4 scrolls of identify {@r1}
 j - a scroll of random uselessness {unknown}
 o - 2 scrolls of teleportation {@r3}
 p - 2 scrolls of fear
 t - a scroll of fog {unknown}
 x - a scroll of remove curse {@r2}
Potions
 k - a potion of heal wounds {@q2}
 l - 6 potions of lignification {@q6}
 m - 5 potions of brilliance
 n - 2 potions of agility {@q5}
 r - a potion of experience {unknown}
 s - a potion of invisibility
 u - a potion of curing {@q1}
Miscellaneous
 y - a lightning rod (4/4)
Comestibles
 e - 18 rations


   Skills:
 + Level 5.9 Fighting
 * Level 9.3 Axes
 + Level 7.1 Armour
 + Level 6.1 Dodging
 + Level 7.2 Shields
 * Level 2.7 Invocations


You had 9 spell levels left.
You didn't know any spells.
Your spell library was empty.

Dungeon Overview and Level Annotations

Branches:
Dungeon (8/15)             Temple (1/1) D:7         Ossuary (visited)
   Lair: D:8-11

Altars:
Ashenzari
Elyvilon
Makhleb
Yredelemnul
Zin
The Shining One
Jiyva

Shops:
D:7 }

Annotations:
D:8 Psyche


Innate Abilities, Weirdness & Mutations

You are resistant to damage.
You can heal yourself by infusing magical energy.
You passively map the area around you.
You do not regenerate.


Message History

The small abomination closely misses you.
Your shield and plate armour prevent you from hitting the small abomination.
The small abomination is heavily damaged.
The small abomination hits you but does no damage.
You slash the small abomination!
The small abomination is almost destroyed.
You block the small abomination's attack.
You hit the small abomination but do no damage.
The small abomination is almost destroyed.
The small abomination barely misses you.
You barely miss the small abomination.
The small abomination is almost destroyed.
You block the small abomination's attack.
You hit the small abomination.
You destroy the small abomination!
Makhleb accepts your kill.
No target in view!
No target in view!
No target in view!
You now have 992 gold pieces (gained 63).
A small abomination comes into view.
A small abomination is nearby!
A small abomination is nearby!
A small abomination is nearby!
You closely miss the small abomination.
The small abomination barely misses you.
The small abomination misses you.
You closely miss the small abomination.
The small abomination hits you but does no damage.
You slash the small abomination!
The small abomination is moderately damaged.
The small abomination hits you.
Your shield and plate armour prevent you from hitting the small abomination.
The small abomination is moderately damaged.
The small abomination hits you. The small abomination hits you!
You hit the small abomination.
The small abomination is heavily damaged.
The small abomination hits you.
You slash the small abomination!
You destroy the small abomination!
Makhleb accepts your kill.
You have reached level 10!
Magic restored.
Key pressed, stopping explore.
You are feeling very hungry.
Found 21 stones.
You fail to use your ability.
You see here 21 stones.
A shadow demon comes into view.
The shadow demon gives a loud, deep croak!
A shadow demon is nearby!
A shadow demon is nearby!
You eat one of the 19 rations.
That ration really hit the spot!
The shadow demon gestures.
You slash the shadow demon!
The shadow demon is lightly wounded.
You closely miss the blink frog. You miss the blink frog.
A guardian serpent comes into view.
The shadow demon hits you but does no damage.
You block the blink frog's attack.
The blink frog blinks!
Tentacles burst from the starspawn's body! 2 starspawn tentacles come into view.
You hit the shadow demon.
The shadow demon is lightly wounded.
You slash the blink frog! You miss the blink frog.
Your plate armour prevents you from hitting the blink frog.
You block the blink frog's attack.
The blink frog blinks!
The shadow demon misses you. You block the blink frog's attack.
The blink frog blinks!
The starspawn tentacle grabs you. The starspawn tentacle constricts you.
The shadow demon hits you but does no damage.
You hit the starspawn tentacle.
The starspawn tentacle is lightly damaged.
You closely miss the shadow demon. You hit the tentacled starspawn.
The starspawn tentacle loses its grip on you.
You block the starspawn tentacle's attack.
The shadow demon hits you but does no damage.
You hit the shadow demon.
The shadow demon is moderately wounded.
You hit the starspawn tentacle. You slash the tentacled starspawn!
The tentacled starspawn bites you!!
* * * LOW HITPOINT WARNING * * *
The tentacled starspawn engulfs you!
* * * LOW HITPOINT WARNING * * *
You block the starspawn tentacle's attack.
You block the shadow demon's attack.
You are too injured to fight recklessly!
You are too injured to fight recklessly!
You are too injured to fight recklessly!
You are too injured to fight recklessly!
You are too injured to fight recklessly!
You are too injured to fight recklessly!
You are too injured to fight recklessly!
You feel much better.
The blink frog blinks!
The tentacled starspawn bites you!!
* * * LOW HITPOINT WARNING * * *
The tentacled starspawn engulfs you.
* * * LOW HITPOINT WARNING * * *
The blink frog hits you.
You die...

### #.F####F#####
#FX2@#.##..## #
#..§SwX##..#.. ####
...##..F.#.#.#.#.##.#
# ..######.#.#(.#...
..# ##..#.. #. ..#. .
.#.##. .. . #
...##....#. .. ##
#.##..#. . . ##.#....


You could see a tentacled starspawn, a shadow demon, a large abomination, a
guardian serpent, 4 blink frogs and a starspawn tentacle.

Vanquished Creatures
  A manticore (D:6)
  Joseph (D:8)
  Eustachio (D:6)
  Menkaure (D:6)
  A basilisk (D:6)
  A vampire mosquito (D:6)
  An orc warrior (D:6)
  2 ice beasts
  2 phantoms
  A black bear (D:6)
  3 ogres
  2 small abominations (Abyss:1)
  5 centaurs
  A big kobold (D:3)
  An elf zombie (Ossuary)
  A bullfrog (D:6)
  A scorpion (D:8)
  A howler monkey (D:6)
  A bullfrog zombie (D:6)
  4 crimson imps
  A centaur zombie (Ossuary)
  A jelly (D:5)
  An orc priest (D:4)
  3 orc wizards
  A centaur skeleton (D:8)
  2 human zombies (Ossuary)
  A bullfrog skeleton (D:4)
  Jessica (D:2)
  2 iguanas
  8 worker ants
  2 big kobold zombies (Ossuary)
  2 hound zombies (Ossuary)
  A hound skeleton (D:7)
  3 mummies (Ossuary)
  A worker ant zombie (D:8)
  6 adders
  A shadow imp (D:6)
  An adder skeleton (D:4)
  6 adder zombies
  4 dart slugs (D:1)
  5 leopard geckos
  17 orcs
  4 bats
  3 giant cockroaches
  6 goblins
  11 hobgoblins
  14 kobolds
  3 quokkas
  2 frilled lizards
  A gnoll zombie (Ossuary)
  5 goblin zombies (Ossuary)
  2 hobgoblin zombies (Ossuary)
  5 jackal zombies (Ossuary)
  2 kobold zombies (Ossuary)
  2 orc zombies (Ossuary)
  5 quokka zombies
  6 rats
  3 rat zombies (Ossuary)
176 creatures vanquished.

Vanquished Creatures (others)
  A starspawn tentacle (Abyss:1)
1 creature vanquished.

Grand Total: 177 creatures vanquished

Notes
Turn   | Place    | Note
-------+----------+-------------------------------------------
     0 | D:1      | EnegeticOcto the Deep Dwarf Fighter began the quest for the
                  | Orb.
     0 | D:1      | Reached XP level 1. HP: 20/20 MP: 1/1
    67 | D:1      | Reached XP level 2. HP: 27/27 MP: 2/2
   178 | D:1      | Reached skill level 1 in Dodging
   281 | D:1      | Reached XP level 3. HP: 22/33 MP: 3/3
   528 | D:2      | Noticed Jessica
   541 | D:2      | Killed Jessica
   541 | D:2      | Reached skill level 3 in Axes
   597 | D:2      | Reached XP level 4. HP: 39/42 MP: 3/3
  1545 | D:3      | Noticed a big kobold
  1566 | D:3      | Killed a big kobold
  1566 | D:3      | Reached skill level 4 in Axes
  1566 | D:3      | Reached XP level 5. HP: 44/49 MP: 4/4
  1769 | D:4      | Noticed a phantom
  2217 | D:4      | Killed a phantom
  2217 | D:4      | Reached XP level 6. HP: 51/56 MP: 5/5
  2488 | D:5      | Entered Level 5 of the Dungeon
  2715 | D:5      | Reached skill level 5 in Axes
  2741 | D:5      | Reached XP level 7. HP: 61/63 MP: 6/6
  2944 | D:5      | Found a glowing golden altar of the Shining One.
  3179 | D:5      | Found a shattered altar of Ashenzari.
  3183 | D:5      | Saw a vision of the Shoals and the Spider Nest.
  3183 | D:5      | Noticed a wolf spider
  3183 | D:5      | Noticed a merfolk
  3183 | D:5      | Noticed a merfolk
  3183 | D:5      | Noticed a merfolk
  3183 | D:5      | Noticed a merfolk
  3183 | D:5      | Noticed a merfolk
  3183 | D:5      | Noticed a merfolk
  3183 | D:5      | Noticed a redback
  3183 | D:5      | Noticed a redback
  3183 | D:5      | Noticed a sea snake
  3183 | D:5      | Noticed a merfolk
  3184 | D:5      | Noticed a merfolk siren
  3184 | D:5      | Noticed a hippogriff
  3185 | D:5      | Noticed a wolf spider
  3186 | D:5      | Noticed a redback
  3188 | D:5      | Noticed a redback
  3387 | D:6      | Reached skill level 5 in Shields
  3398 | D:6      | Reached skill level 6 in Axes
  3398 | D:6      | Reached skill level 5 in Armour
  3447 | D:6      | Found a glowing silver altar of Zin.
  3449 | D:6      | Noticed Menkaure
  3463 | D:6      | Killed Menkaure
  3463 | D:6      | Reached XP level 8. HP: 51/73 MP: 7/7
  3612 | D:6      | Reached skill level 7 in Axes
  4075 | D:6      | Noticed a manticore
  4097 | D:6      | Reached skill level 5 in Fighting
  4109 | D:6      | Reached skill level 5 in Dodging
  4120 | D:6      | Killed a manticore
  4120 | D:6      | Reached skill level 8 in Axes
  4120 | D:6      | Gained mutation: You passively map the area around you.
                  | [Deep Dwarf growth]
  4120 | D:6      | Reached XP level 9. HP: 55/81 MP: 5/5
  4158 | D:6      | Noticed Eustachio
  4183 | D:6      | Killed Eustachio
  4306 | D:7      | Found a sand-covered staircase.
  4314 | Ossuary  | Entered an ossuary
  4899 | D:7      | Reached skill level 9 in Axes
  4936 | D:7      | Found a staircase to the Ecumenical Temple.
  5013 | D:7      | Found Jyerouc's Gadget Emporium.
  5040 | Temple   | Entered the Ecumenical Temple
  5070 | Temple   | Became a worshipper of Makhleb the Destroyer
  5340 | D:8      | Reached skill level 1 in Invocations
  5392 | D:8      | Noticed Joseph
  5415 | D:8      | Killed Joseph
  5489 | D:8      | Noticed Psyche
  5498 | D:8      | Cast into level 1 of the Abyss (Psyche)
  5568 | Abyss:1  | Reached XP level 10. HP: 56/91 MP: 4/6
  5624 | Abyss:1  | Noticed a shadow demon
  5627 | Abyss:1  | Noticed a tentacled starspawn
  5627 | Abyss:1  | Noticed a guardian serpent
  5631 | Abyss:1  | HP: 3/91 [tentacled starspawn[a shadow demon] (25)]
  5631 | Abyss:1  | HP: 1/91 [tentacled starspawn[a shadow demon] (2)]
  5631 | Abyss:1  | Slain by a blink frog

Levels and vault maps discovered:
D:1:      wander_arrival_lonely_grave, layout_basic
D:2:      layout_basic, uniq_jessica
D:3:      cheibrodos_thug_alley, layout_rooms, corexii_hall_statues_l
D:4:      layout_loops_corners, first_ration
D:5:      minmay_spotlight, layout_loops_ring, lemuel_doored_altar,
          grunt_ashenzari_visionary [grunt_ashenzari_visionary_shoals,
          grunt_ashenzari_visionary_spider]
D:6:      minmay_klotski, layout_basic, kennysheep_little_box, uniq_eustachio,
          uniq_menkaure
D:7:      layout_loops_ring, minmay_temple_entry_sparse_star, serial_shops,
          nicolae_shop_behind_doors, enter_ossuary_1, grunt_ogre_cave,
          st_stairs_12
D:8:      layout_gridville, grunt_temple_overflow_opulence, lemuel_round_altar,
          grunt_temple_overflow_open, lair_entry_dummy, lemuel_old_faithful,
          uniq_psyche, uniq_joseph
Temple:   pf_slime_end_temple
Abyss:1

Skill      XL: |  1  2  3  4  5  6  7  8  9 |
---------------+----------------------------+-----
Dodging        | 1 2 3 4 5 6 |  6.1
Fighting       | 3 4 5 |  5.9
Axes           | 3 4 5 6 8 9 |  9.3
Shields        | 4 5 6 7 |  7.2
Armour         | 4 5 6 7 |  7.1
Invocations    | 2 |  2.7

Action                   |  1- 3 |  4- 6 |  7- 9 | 10-12 || total
-------------------------+-------+-------+-------+-------++-------
Melee: War axe           |    83 |   219 |   473 |     4 ||   779
 Abil: Heal Wounds       |     1 |     3 |    15 |     1 ||    20
  Use: Scroll            |       |    12 |     4 |       ||    16
       Potion            |       |       |     1 |       ||     1
  Eat: Chunk             |       |     7 |     2 |       ||     9
       Ration            |       |       |     2 |     1 ||     3
Armor: Scale mail        |    17 |       |       |       ||    17
       Plate armour      |    28 |   120 |   192 |     3 ||   343
Dodge: Dodged            |    22 |    57 |   244 |     1 ||   324
Block: Shield            |    44 |   121 |   313 |     6 ||   484
